 Dungeon Crawl Stone Soup version 0.31-a0-636-ge1c0e020e0 (webtiles) character file.

Game seed: 4865499762464699086

74 NotreDorf the Ducker (level 4, -1/35 HPs)
             Began as a Merfolk Gladiator on Aug 27, 2023.
             Slain by a gnoll
             ... wielding a +0 spear
              (6 damage)
             ... on level 3 of the Dungeon.
             The game lasted 00:06:29 (1504 turns).

NotreDorf the Ducker (Merfolk Gladiator)            Turns: 1504, Time: 00:06:30

Health: -1/35      AC:  5    Str: 14    XL:     4   Next: 30%
Magic:  5/6        EV: 14    Int: 15    God:
Gold:   174        SH:  0    Dex: 21    Spells: 6/6 levels left

rFire   . . .        a - +0 trident
rCold   . . .        (no shield)
rNeg    . . .        b - +0 leather armour
rPois   .            c - +0 helmet
rElec   .            j - +0 cloak
rCorr   .            (no gloves)
SInv    .            (no boots)
Will    .....        (no amulet)
Stlth   ++           f - +6 ring of dexterity
HPRegen 0.25/turn    h - +6 ring of intelligence
MPRegen 0.10/turn

%: no passive effects
@: no status effects
A: (nimble swimmer 2), mertail
a: no special abilities


You were on level 3 of the Dungeon.
You visited 1 branch of the dungeon, and saw 3 of its levels.

You collected 174 gold pieces.

Inventory:

Hand Weapons
 a - a +0 trident (weapon)
Missiles
 d - 3 throwing nets (quivered)
 e - a javelin
 i - 6 boomerangs
Armour
 b - a +0 leather armour (worn)
 c - a +0 helmet (worn)
 j - a +0 cloak (worn)
Jewellery
 f - a +6 ring of dexterity (left hand)
 h - a +6 ring of intelligence (right hand)
 o - a ring of protection from fire
Scrolls
 g - a scroll of butterflies {unknown}
 p - a scroll of enchant weapon {unknown}
Potions
 l - a potion of ambrosia
 n - a potion of haste {unknown}


   Skills:
 + Level 3.0 Fighting
 + Level 4.7 Polearms
 - Level 2.0 Throwing
 + Level 4.8 Dodging
 + Level 1.5 Spellcasting


You had 6 spell levels left.
You didn't know any spells.
Your spell library was empty.

Dungeon Overview and Level Annotations

Branches:
Dungeon (3/15)

Altars:


Innate Abilities, Weirdness & Mutations

((You are very nimble when in or above water. (Stealth+, EV+, Speed+++)))
Your lower body shifts to a powerful aquatic tail in water.


Message History

You have reached level 4!
You reach to attack!
You barely miss the gnoll.
The gnoll hits you from afar with a +0 spear.
The endoplasm quivers.
You hit the gnoll but do no damage. The gnoll barely misses you.
You hit the gnoll.
The gnoll is moderately wounded.
The gnoll barely misses you. x2
You hit the gnoll but do no damage.
The gnoll is moderately wounded.
The gnoll hits you but does no damage. The gnoll misses you.
You barely miss the gnoll.
The gnoll is moderately wounded.
The gnoll closely misses you. The gnoll hits you with a +0 flail.
You hit the gnoll.
The gnoll is severely wounded.
The gnoll hits you from afar with a +0 spear.
The gnoll barely misses you.
You hit the gnoll.
You kill the gnoll!
The endoplasm freezes you.
You are frozen.
The gnoll hits you from afar with a +0 spear!
* * * LOW HITPOINT WARNING * * *
Your Fighting skill increases to level 3!
You completely miss the endoplasm.
The endoplasm hits you but does no damage.
The gnoll hits you from afar with a +0 spear.
* * * LOW HITPOINT WARNING * * *
You hit the endoplasm. You punch the endoplasm.
You kill the endoplasm!
The gnoll hits you but does no damage.
You are too injured to fight recklessly!
Reach: a) +0 trident
Press: ? - help, Dir - move target, f/p - gnoll
Aim: a gnoll, wielding a +0 spear (about 32% to evade your +0 trident)
You reach to attack!
You puncture the gnoll!
The gnoll is heavily wounded.
The gnoll hits you from afar with a +0 spear.
You die...

#........###.#.............
#........# #.#.............
...........###...............
......#.....##...............
..#####......................
. #.........................
#.##.....>................ .
#.#.........#..........
#.####@)...............
.#.####)................
.......g......... #####
.................
...............
!..............
.........#.#... . ...
..[......#.#... #####...
.........#.# ..


You could see a gnoll.

Vanquished Creatures
  2 gnolls (D:3)
  An adder (D:3)
  A dart slug (D:3)
  3 ball pythons
  7 bats
  4 endoplasms
  5 giant cockroaches
  2 goblins (D:2)
  2 hobgoblins
  2 jackals (D:2)
  4 quokkas
  3 frilled lizards
  4 rats
40 creatures vanquished.

Notes
Turn   | Place    | Note
-------+----------+-------------------------------------------
     0 | D:1      | NotreDorf the Merfolk Gladiator began the quest for the
                  | Orb.
     0 | D:1      | Reached XP level 1. HP: 16/16 MP: 1/1
   109 | D:1      | Found a faded altar of an unknown god.
   227 | D:1      | Reached XP level 2. HP: 23/23 MP: 2/2
   822 | D:2      | Reached skill level 1 in Spellcasting
   822 | D:2      | Reached XP level 3. HP: 28/28 MP: 4/4
  1495 | D:3      | Reached XP level 4. HP: 34/34 MP: 4/6
  1504 | D:3      | Slain by a gnoll

Illustrated notes

Levels and vault maps discovered:
D:1:      saegor_arrival_simple_c, layout_basic,
          hellmonk_ecumenical_altar_leap_of_faith
D:2:      layout_rooms
D:3:      minmay_razor_zed, layout_basic, ebering_ghost_disaster_area, hex_tiny,
          minmay_close_crescents, uniq_grinder

Skill      XL: |  1  2  3  4 |
---------------+-------------+-----
Spellcasting   | 1 |  1.5
Fighting       | 3 |  3.0
Polearms       | |  4.7
Throwing       | |  2.0
Dodging        | |  4.8

Action                     |  1- 3 |  4- 6 || total
---------------------------+-------+-------++-------
  Melee: Trident           |   134 |    10 ||   144
         Punch             |     1 |     1 ||     2
    Use: Scroll            |     4 |       ||     4
   Stab: Sleeping          |     4 |       ||     4
 Armour: Leather armour    |    20 |     3 ||    23
  Dodge: Dodged            |    94 |     6 ||   100

Table legend: (Time is in decaauts)
 A = Elapsed time spent in this place.
 B = Non-inter-level travel time spent in this place.
 C = Inter-level travel time spent in this place.
 D = Time resting spent in this place.
 E = Time spent auto-exploring this place.
 F = Levels seen in this place.
 G = Mean time per level.
                   A        B        C        D        E       F      G
               +--------+--------+--------+--------+--------+-----+--------+
         Total |   1514 |   1403 |    111 |      0 |   1063 |   3 |  504.7 |
       Dungeon |   1514 |   1403 |    111 |      0 |   1063 |   3 |  504.7 |
               +--------+--------+--------+--------+--------+-----+--------+

Top non-repeatable levels by time:
     D:1: 711 daAuts
     D:2: 589 daAuts
     D:3: 214 daAuts
